Map: Pillars of Gold LE

Players

Geralt (Gerald)

  • Race: Protoss Protoss
  • League: Grandmaster
  • Spawn Location: 1:00

GabeTalks - Winner!

  • Race: Terran Terran
  • League: Grandmaster
  • Spawn Location: 7:00

VOD

Have the link to the VOD?

Description

Time

  • Played on: March 3, 2021, 4:09 p.m.
  • Length: 9:52
Show
View Real Time Build Order
Export as new Build Order

Geralt Protoss 

Build Orders: 1 Gate Expand, Oracle Opening 

Get SALT Encoding   

  12  0:00  Probe  
  13  0:12  Probe  
  14  0:19  Pylon  
  14  0:25  Probe  
  15  0:37  Probe (Chrono Boost)  
  15  0:40  Gateway  
  16  0:47  Probe (Chrono Boost), Assimilator  
  17  0:52  Probe (Chrono Boost)  
  19  1:04  Probe  
  19  1:16  Probe  
  20  1:27  Cybernetics Core  
  20  1:37  Nexus  
  20  1:39  Probe  
  21  1:46  Pylon  
  21  1:50  Assimilator  
  21  1:54  Probe  
  22  2:03  Pylon  
  22  2:05  Adept (Chrono Boost)  
  24  2:14  Probe  
  24  2:24  Shield Battery  
  24  2:26  Stalker (Chrono Boost)  
  24  2:29  Probe  
  27  2:41  Probe  
  27  2:43  Stargate  
  28  2:50  Stalker  
  30  2:55  Probe  
  31  3:00  Probe  
  32  3:07  Probe  
  33  3:13  Probe (Chrono Boost)  
  33  3:14  Warp Gate  
  35  3:24  Probe (Chrono Boost)  
  35  3:25  Probe (Chrono Boost)  
  36  3:31  Oracle (Chrono Boost)  
  36  3:32  Probe (Chrono Boost)  
  36  3:34  Probe (Chrono Boost)  
  41  3:37  Twilight Council  
  41  3:40  Probe  
  42  3:43  Probe  
  43  3:52  Probe  
  44  3:56  Probe  
  44  3:57  Pylon  
  45  4:04  Probe  
  46  4:10  Blink (Chrono Boost)  
  46  4:15  Probe  
  46  4:16  Nexus  
  47  4:17  Probe  
  46  4:26  Gateway  
  46  4:28  Gateway  
  46  4:33  Probe, Assimilator  
  47  4:39  Probe, Pylon  
  48  4:49  Probe  
  48  4:51  Probe  
  50  4:59  Gateway, Shield Battery  
  50  5:02  Probe  
  50  5:03  Probe, Stalker  
  55  5:14  Probe  
  55  5:15  Probe  
  55  5:21  Forge  
  56  5:22  Pylon, Stalker  
  56  5:24  Gateway  
  56  5:28  Probe (Chrono Boost)  
  60  5:29  Stalker x2  
  60  5:30  Probe x2 (Chrono Boost)  
  65  5:39  Probe (Chrono Boost)  
  65  5:41  Probe (Chrono Boost)  
  65  5:42  Probe (Chrono Boost)  
  68  5:43  Probe (Chrono Boost)  
  68  5:46  Stalker  
  68  5:48  Probe  
  68  5:49  Charge (Chrono Boost)  
  72  5:52  Probe, Stalker  
  72  5:53  Stalker  
  72  5:54  Probe  
  72  5:56  Protoss Ground Armor Level 1 (Chrono Boost)  
  78  6:00  Probe  
  80  6:04  Probe  
  80  6:06  Probe  
  80  6:07  Pylon  
  81  6:12  Probe  
  81  6:16  Probe  
  81  6:21  Probe  
  81  6:25  Zealot x5  
  93  6:34  Pylon  
  93  6:35  Probe, Pylon  
  93  6:40  Gateway  
  93  6:41  Gateway  
  93  6:42  Gateway, Assimilator  
  93  6:44  Templar Archives  
  93  6:53  Zealot x5  
  103  6:56  Photon Cannon  
  103  6:58  Pylon  
  101  7:13  Photon Cannon  
  99  7:17  Sentry x2  
  103  7:22  High Templar  
  103  7:23  Zealot x2  
  109  7:36  Zealot x2  
  109  7:37  Probe, Zealot  
  92  7:42  Probe  
  86  7:45  Zealot x2  
  90  7:57  Zealot x4  
  95  8:03  Probe  
  75  8:10  Zealot x2  
  61  8:13  Probe  
  61  8:19  Zealot x4  
  63  8:23  Probe x2  
  63  8:25  Probe  
  57  8:28  Nexus  
  57  8:33  High Templar x2  
  61  8:35  Probe x2  
  61  8:36  Gateway  
  61  8:39  High Templar x2, Zealot x2  
  61  8:40  Archon  
  61  8:41  Probe  
  72  8:46  Cybernetics Core  
  72  8:47  Probe, Archon  
  73  9:02  High Templar, Zealot  
  77  9:03  Pylon  
  77  9:10  Zealot  
  77  9:11  Probe, Zealot x3  
  77  9:12  Probe x2  
  77  9:13  Gateway  
  88  9:17  Gateway  
  76  9:25  Zealot  
  74  9:32  Zealot x2  
  74  9:33  Zealot x3  
  77  9:43  Zealot  
Show
View Real Time Build Order
Export as new Build Order

GabeTalks Terran - Winner!

Build Orders: Reaper Expand 

Get SALT Encoding   

  12  0:00  SCV  
  13  0:12  SCV  
  14  0:18  Supply Depot  
  14  0:24  SCV  
  15  0:39  SCV  
  15  0:41  Barracks  
  16  0:45  Refinery  
  16  0:51  SCV  
  17  1:04  SCV  
  18  1:16  SCV  
  19  1:28  Reaper, Orbital Command  
  20  1:47  Command Center  
  20  1:53  SCV  
  21  1:59  Supply Depot  
  21  2:02  Marine  
  21  2:05  SCV  
  23  2:16  Factory  
  23  2:20  SCV  
  23  2:21  Marine  
  25  2:27  Bunker  
  25  2:32  SCV  
  25  2:36  Refinery  
  27  2:45  SCV  
  27  2:53  Barracks Reactor  
  27  2:57  SCV  
  27  3:01  Hellion  
  27  3:03  Starport  
  29  3:09  SCV  
  29  3:10  Orbital Command  
  30  3:21  SCV  
  33  3:28  Factory Tech Lab  
  33  3:31  Marine x2  
  33  3:33  SCV  
  33  3:36  SCV  
  33  3:40  Viking  
  36  3:45  SCV, Supply Depot  
  36  3:48  SCV  
  38  3:49  Marine x2  
  42  3:57  SCV  
  42  3:59  Supply Depot  
  42  4:00  SCV  
  44  4:07  Marine x2  
  44  4:09  SCV, Siege Tank  
  48  4:11  Starport Tech Lab  
  48  4:12  SCV  
  46  4:21  SCV  
  47  4:24  SCV  
  47  4:25  Marine x2  
  47  4:26  Barracks  
  47  4:29  Refinery  
  50  4:33  SCV  
  50  4:35  Raven  
  50  4:36  SCV  
  54  4:39  Barracks  
  54  4:44  Supply Depot  
  54  4:46  SCV  
  54  4:48  SCV  
  54  4:50  Siege Tank  
  60  4:54  Engineering Bay  
  60  4:58  SCV  
  60  4:59  Marine  
  61  5:00  SCV  
  61  5:05  Marine  
  61  5:06  Supply Depot  
  63  5:10  SCV  
  63  5:12  SCV  
  65  5:16  Refinery, Marine  
  66  5:22  SCV, Terran Infantry Weapons Level 1  
  66  5:23  Marine, Stimpack  
  66  5:24  Marauder  
  66  5:28  SCV  
  71  5:29  Supply Depot  
  71  5:34  SCV, Combat Shield  
  72  5:36  Marine  
  72  5:40  SCV, Supply Depot  
  72  5:41  Marine  
  72  5:42  Starport Reactor, Factory Reactor  
  75  5:48  Marauder, Supply Depot  
  77  5:51  Marauder  
  77  5:54  Marine  
  80  5:58  Missile Turret  
  80  5:59  Marine  
  80  6:00  Missile Turret  
  81  6:08  Supply Depot  
  81  6:09  Marauder  
  83  6:12  Marauder, Marine  
  83  6:17  Marine  
  86  6:22  Widow Mine, Medivac x2  
  86  6:23  Widow Mine  
  94  6:31  Marauder, Marine, Supply Depot  
  95  6:34  Marauder, Marine  
  98  6:42  Supply Depot  
  98  6:44  Widow Mine x2  
  99  6:52  Marauder  
  99  6:53  Concussive Shells, Medivac x2  
  106  6:55  Marauder  
  106  6:58  Marine x2  
  108  7:02  Supply Depot  
  108  7:13  Marauder  
  110  7:15  Marine  
  110  7:16  Marauder, Marine, Command Center  
  110  7:19  Supply Depot  
  114  7:33  SCV x2  
  114  7:35  Marauder  
  111  7:38  Marauder  
  107  7:45  Widow Mine  
  107  7:46  Widow Mine, Medivac x2  
  113  7:56  Marauder  
  109  7:59  Marauder  
  109  8:03  Marine x2  
  109  8:04  SCV x2  
  109  8:09  Barracks x2  
  103  8:16  SCV x2  
  103  8:18  Marauder  
  100  8:20  Marine  
  72  8:27  Widow Mine x2, Medivac  
  104  8:28  SCV x2  
  104  8:33  Medivac  
  110  8:40  SCV x2  
  112  8:44  Marauder x2, Marine x2  
  118  8:50  Widow Mine x2  
  118  8:53  SCV x2  
  124  8:56  Orbital Command  
  124  8:58  Barracks Reactor, Barracks Tech Lab  
  124  9:02  Medivac  
  126  9:03  Medivac  
  126  9:06  Armory  
  128  9:10  SCV, Engineering Bay  
  128  9:11  SCV  
  128  9:15  Marauder  
  129  9:19  Marauder  
  129  9:24  Widow Mine x2  
  135  9:51  Refinery  
Tags
 
Add a new tag
Caveats
  • Supply blocks, unpowered buildings, or Contaminate may cause inaccurate times.
  • Supply counts are checked every 10 seconds.